 Dungeon Crawl Stone Soup version 0.30-a0-169-g06f667207d (webtiles) character file.

Game seed: 9784142232450792395

62 qw the Chopper (level 4, -3/28 HPs)
             Began as a Gargoyle Fighter on Sept 29, 2022.
             Slain by a white imp (4 damage)
             ... summoned by Eustachio
             ... on level 4 of the Dungeon.
             The game lasted 00:00:31 (1738 turns).

qw the Chopper (Gargoyle Fighter)                   Turns: 1738, Time: 00:00:32

Health: -3/28      AC: 11    Str: 22    XL:     4   Next: 8%
Magic:  4/4        EV:  9    Int:  8    God:
Gold:   60         SH:  4    Dex:  9    Spells: 3/3 levels left

rFire   . . .      SeeInvis .    Y - +0 war axe
rCold   . . .      Faith    .    c - +0 buckler
rNeg    + . .      Spirit   .    b - +0 scale mail
rPois   inf        Reflect  .    (no helmet)
rElec   +          Harm     .    l - +0 cloak
rCorr   .          Rampage  .    (no gloves)
Will    .....                    (no boots)
Stlth   ..........               (no amulet)
HPRegen 0.09/turn                (no ring)
MPRegen 0.09/turn                (no ring)

@: no status effects
A: sickness immunity, AC +3, negative energy resistance 1, electricity
resistance, torment resistance 1, petrification resistance
a: no special abilities


You were on level 4 of the Dungeon.
You visited 1 branch of the dungeon, and saw 3 of its levels.

You collected 60 gold pieces.


Innate Abilities, Weirdness & Mutations

You are immune to sickness and miasma.
Your stone body is resilient. (AC +3)
You are immune to poison.
You resist negative energy. (rN+)
You are resistant to electric shocks. (rElec)
You are resistant to unholy torment.
You are immune to petrification.


   Skills:
 - Level 3.2 Fighting
 + Level 3.8 Axes
 - Level 3.2 Armour
 - Level 3.2 Shields


You had 3 spell levels left.
You didn't know any spells.
Your spell library was empty.

Inventory:

Hand Weapons
 f - a +0 club
 Y - a +0 war axe (weapon)
Armour
 b - a +0 scale mail (worn)
 c - a +0 buckler (worn)
 l - a +0 cloak (worn)
 m - a +2 hat
Jewellery
 g - an amulet of reflection
Scrolls
 a - a scroll of magic mapping {unknown}
 j - a scroll of identify
 n - a scroll of enchant weapon {unknown}
Potions
 d - a potion of might
 e - a potion of resistance {unknown}
 h - a potion of heal wounds {unknown}
 i - a potion of curing
 k - a potion of lignification {unknown}

Dungeon Overview and Level Annotations

Branches:
Dungeon (2/15)

Altars:

Annotations:
D:4 Eustachio


Message History

The quokka bites you. You block the ufetubus's attack.
The ufetubus hits you but does no damage.
You hit the quokka.
You kill the quokka!
The quokka's corpse disappears in a puff of smoke!
You hit Eustachio. You barely miss the ufetubus.
You hit the white imp but do no damage.
The ufetubus disappears in a puff of smoke!
Eustachio hits you with a +0 rapier. The white imp gestures at you.
The puff of frost hits you! You block the ufetubus's attack. x2
You barely miss Eustachio.
Eustachio is lightly wounded.
You miss the ufetubus. You hit the white imp.
You hit the quasit but do no damage.
The quasit bites you but does no damage.
You block the quasit's attack. The quasit closely misses you.
You block the ufetubus's attack. The ufetubus closely misses you.
Eustachio gestures wildly while chanting.
The white imp gestures at you. The puff of frost hits you.
The quasit bites you but does no damage.
The quasit claws you but does no damage. x2
Eustachio hits you with a +0 rapier. The ufetubus misses you.
The ufetubus hits you but does no damage.
You hit the white imp.
The white imp is almost dead.
You miss the quasit. You hit the ufetubus.
You kill the ufetubus!
The ufetubus disappears in a puff of smoke!
You miss Eustachio.
The quasit bites you but does no damage.
The quasit claws you but does no damage. x2
The white imp gestures at you.
The puff of frost hits you but does no damage.
Eustachio mumbles some strange words.
The quasit closely misses you. You block the quasit's attack.
The quasit claws you but does no damage.
The white imp hits you. The white imp freezes you.
You die...

########.#.. ?.......#.#
#......#.#
######........#
..............###
............#...########
.......r....#...........
.......@5...###.########
?....r¤@5¤..# #.#
..¤..r..¤..## #.##
...¤.¤....¤####..##
.¤...<.....##.....######
........................
...........##.....####.#
.......######.....# #.#
....... #.....# ...
#.....# #...


You could see Eustachio (empowered), a quasit (summoned), a river rat
(summoned), a white imp (summoned) and 2 quokkas.

Vanquished Creatures
  An iguana (D:4)
  An adder (D:1)
  4 bats
  2 endoplasms
  3 giant cockroaches (D:1)
  4 goblins (D:1)
  A hobgoblin (D:1)
  2 ball pythons (D:1)
  5 frilled lizards (D:1)
  5 kobolds (D:1)
  A rat (D:1)
29 creatures vanquished.

Notes
Turn   | Place    | Note
-------+----------+-------------------------------------------
     0 | D:1      | qw the Gargoyle Fighter began the quest for the Orb.
     0 | D:1      | Reached XP level 1. HP: 14/14 MP: 1/1
     0 | D:1      | 0 ||| qw: Version: 0.2-a-12-gaebbb33
     0 | D:1      | 0 ||| qw: Game counter: 1312
     0 | D:1      | 0 ||| qw: Always use a shield: true
     0 | D:1      | 0 ||| qw: God list: Okawaru
     0 | D:1      | 0 ||| qw: Allow faded altars: false
     0 | D:1      | 0 ||| qw: Do Orc after D:15 true
     0 | D:1      | 0 ||| qw: Do second Lair branch before Depths: true
     0 | D:1      | 0 ||| qw: Lair rune preference: random
     0 | D:1      | 0 ||| qw: Plans: Normal, Zot:1-4, God:TSO, Crypt, Tomb,
                  | Pan, Slime:5, Hells, Abyss, Orb
     0 | D:1      | 0 ||| PLANNING D:1-11
   448 | D:1      | 448 ||| Stepping ~*~*~tactically~*~*~ (stealth).
   458 | D:1      | Reached XP level 2. HP: 19/19 MP: 2/2
   728 | D:1      | 728 ||| Stepping ~*~*~tactically~*~*~ (stealth).
   795 | D:1      | Reached skill level 3 in Axes
  1037 | D:1      | Reached XP level 3. HP: 23/23 MP: 3/3
  1214 | D:1      | 1214 ||| UPGRADING to +0 cloak.
  1219 | D:1      | 1219 ||| READING scroll labelled UNGYSHIS WARA.
  1224 | D:1      | 1224 ||| READING scroll labelled SUN VUAD YDI.
  1225 | D:1      | 1225 ||| READING scroll labelled LOCLIECWEN DYST.
  1326 | D:1      | 1326 ||| DRINKING 2 viscous purple potions.
  1337 | D:2      | 1337 ||| STAIRDANCE
  1367 | D:2      | 1367 ||| STAIRDANCE
  1503 | D:2      | You fall into a shaft and drop 2 floors!
  1517 | D:4      | Reached XP level 4. HP: 15/28 MP: 4/4
  1724 | D:4      | Noticed Eustachio
  1737 | D:4      | HP: 5/28 [white imp/puff of frost[Eustachio] (3)]
  1738 | D:4      | HP: 1/28 [white imp[Eustachio] (2)]
  1738 | D:4      | Slain by a white imp

Levels and vault maps discovered:
D:1:      amcnicky_arrival_abandoned_market, layout_basic
D:2:      layout_loops_cross, basic_altar, hangedman_decor_riveting
D:4:      layout_basic, nicolae_ru_awakened_eye, uniq_eustachio, uniq_sigmund

Skill      XL: |  1  2 |
---------------+-------+-----
Axes           | 2 3 |  3.8
Fighting       | |  3.2
Armour         | |  3.2
Shields        | |  3.2

Action                   |  1- 3 |  4- 6 || total
-------------------------+-------+-------++-------
Melee: War axe           |    95 |    10 ||   105
  Use: Scroll            |     3 |       ||     3
       Potion            |     1 |       ||     1
Armor: Scale mail        |    46 |    24 ||    70
Dodge: Dodged            |    52 |    18 ||    70
Block: Buckler           |    13 |    11 ||    24

Table legend:
 A = Non-vault XP
 B = Vault XP
 C = Vault XP percentage of total XP
 D = Non-vault monster count
 E = Vault monster count
 F = Vault count percentage of total count
                 A         B        C        D         E       F
            +---------+---------+-------+---------+---------+-------
      Total |      89 |       0 |   0.0 |      29 |       0 |   0.0
            +---------+---------+-------+---------+---------+-------
        D:1 |      48 |       0 |   0.0 |      26 |       0 |   0.0
        D:2 |       4 |       0 |   0.0 |       2 |       0 |   0.0
        D:4 |      37 |       0 |   0.0 |       1 |       0 |   0.0
            +---------+---------+-------+---------+---------+-------
